cohdb
Replays
Latest Replays
All Replays
Popular Replays
Top Player Replays
Match Explorer
How It Works
Community
CoH3 Stats
Reddit
Sign in to upload your games and track your stats! →
Sign in with Steam
Match 43565595
Unlisted
Match 43565595
Overview
Messages
Build Orders
End
Construct Section Command Post
Dingo Light Scout Car
Selects Air and Sea Battlegroup
Dingo Light Scout Car
Infantry Section
Infantry Section
Selects Supply Surplus
Construct Field Infirmary
Forward Retreat Point
Construct Resource Cache
Construct Resource Cache
Construct Platoon Command Post
Infantry Section
Infantry Training
Construct Resource Cache
Selects UNKNOWN (223837)
Construct Company Command Post
Foot Guards Section
Foot Guards Section
Foot Guards Section
Selects Assault Flares
Grenade Package
Assault Flares
Unlock M3 Grant Medium Tanks
Team Weapon Training
Construct Resource Cache
Construct Resource Cache
Construct Resource Cache
Construct Resource Cache
Construct Resource Cache
Royal Engineer Section
Selects Commando Section Paradrop
Selects Commando Support Section Paradrop
Assault Flares
Construct Resource Cache
Construct Resource Cache
Assault Flares
Foot Guards Section
Selects Incendiary Bombing Run
Foot Guards Section
Selects Anti-tank Rocket Loiter
Jm200092
SS20132013
Olympia007
微笑的水滴魚
dsmokey
tonton
ggman
呆萌巨RUA银发龙娘
0
0
Comments
sign in to comment!
No comments posted yet!